 Dungeon Crawl Stone Soup version 0.25-a0-1079-g858b6a6ff6 (webtiles) character file.

Game seed: 10724608698457672461, levelgen mode: classic

2774 Amnesiac the Slicer (level 9, 0/52 HPs)
             Began as a Deep Elf Fighter on May 16, 2020.
             Slain by a killer bee (8 damage)
             ... on level 7 of the Dungeon.
             The game lasted 00:19:13 (8877 turns).

Amnesiac the Slicer (Deep Elf Fighter)              Turns: 8877, Time: 00:19:13

Health: 0/52       AC:  6    Str: 19    XL:     9   Next: 42%
Magic:  17/17      EV: 11    Int: 18    God:
Gold:   260        SH:  8    Dex: 10    Spells: 13/16 levels left

rFire    . . .     SeeInvis .   a - +1 rapier
rCold    . . .     Gourm    .   c - +0 kite shield
rNeg     . . .     Faith    .   p - +1 leather armour {rPois}
rPois    +         Spirit   .   m - +0 helmet
rElec    .         Reflect  .   (no cloak)
rCorr    +         Harm     .   l - +0 pair of gloves
MR       +....                  (no boots)
Stlth    +.........             (no amulet)
HPRegen  0.17/turn              q - ring of resist corrosion
MPRegen  0.15/turn              w - ring of Parhurel {MR+ Str+3 Int+4 Dex-4}

@: no status effects
A: no striking features
a: no special abilities


You were on level 7 of the Dungeon.
You were not hungry.

You visited 2 branches of the dungeon, and saw 8 of its levels.

You collected 260 gold pieces.

Inventory:

Hand Weapons
 a - a +1 rapier (weapon)
 b - a +0 shortbow
Missiles
 e - 138 stones (quivered)
 j - 52 arrows
 k - 60 sling bullets
Armour
 c - a +0 kite shield (worn)
 g - a +2 robe of magic resistance
 l - a +0 pair of gloves (worn)
 m - a +0 helmet (worn)
 p - a +1 leather armour of poison resistance (worn)
Jewellery
 q - a ring of resist corrosion (left hand)
 w - the ring of Parhurel (right hand) {MR+ Str+3 Int+4 Dex-4}
   (You found it on level 6 of the Dungeon)

   [ring of protection from magic]

   It affects your strength (+3).
   It affects your intelligence (+4).
   It affects your dexterity (-4).
   It affects your resistance to hostile enchantments.
Scrolls
 i - 3 scrolls of enchant armour {!r}
 n - 2 scrolls of remove curse {!r}
 u - a scroll of amnesia {!r}
 y - a scroll of magic mapping {!r}
Potions
 d - 2 potions of might {!q}
 h - 5 potions of haste {!q}
 o - a potion of ambrosia {!q}
 r - 2 potions of brilliance {!q}
 s - a potion of magic {!q}
 v - 2 potions of curing {!q}
 x - a potion of resistance {!q, unknown}
 z - a potion of stabbing {!q, unknown}
 A - a potion of invisibility {!q, unknown}
Comestibles
 f - 14 rations


   Skills:
 - Level 4.0 Fighting
 - Level 8.0 Short Blades
 * Level 5.8 Bows
 - Level 4.0 Armour
 + Level 5.7 Dodging
 - Level 2.4 Shields
 - Level 4.0 Spellcasting
   Level 4.0 Evocations


You had 13 spell levels left.
You knew the following spells:

 Your Spells              Type           Power        Failure   Level  Hunger
a - Sticks to Snakes      Tmut           #.......     78%         2    ##.....
b - Summon Small Mammal   Summ           #...         65%         1    None

Your spell library contained the following spells:

 Spells                   Type           Power        Failure   Level  Hunger
 Animate Skeleton         Necr           N/A          65%         1    None
 Apportation              Tloc           #.....       65%         1    None
 Beastly Appendage        Tmut           #.....       65%         1    None
 Corona                   Hex            #......      65%         1    None
 Spider Form              Tmut/Pois      #.........   95%         3    ###....
 Ice Form                 Ice/Tmut       #.......     100%        4    ####...
 Blade Hands              Tmut           #.........   100%        5    ######.


Dungeon Overview and Level Annotations

Branches:
Dungeon (7/15)             Temple (1/1) D:6

Altars:
Ashenzari
Cheibriados
Elyvilon
Fedhas
Gozag
Hepliaklqana
Kikubaaqudgha
Makhleb
Nemelex Xobeh
Qazlal
Ru
Sif Muna
Trog
Uskayaw
Vehumet
Wu Jian
Xom


Message History

* * * LOW HITPOINT WARNING * * *
A water moccasin skeleton comes into view.
The killer bee closely misses you.
The helpless killer bee fails to defend itself.
You impale the killer bee!!
You kill the killer bee!
The killer bee stings you but does no damage.
The killer bee closely misses you.
Evoke which item? (* to show all) (? for menu, Esc to quit)
Aiming: Paralyse
Press: ? - help, Shift-Dir - straight line, f - killer bee
Aim: a killer bee (chance to defeat MR: 67%)
The killer bee struggles to resist.
You block the killer bee's attack.
The killer bee stings you but does no damage.
Evoke which item? (* to show all) (? for menu, Esc to quit)
Aiming: Paralyse
Press: ? - help, Shift-Dir - straight line, f/p - killer bee
Aim: a killer bee (chance to defeat MR: 67%)
The killer bee suddenly stops moving!
A killer bee comes into view.
The killer bee stings you.
* * * LOW HITPOINT WARNING * * *
The killer bee stings you.
* * * LOW HITPOINT WARNING * * *
The helpless killer bee fails to defend itself.
You impale the killer bee!!
You kill the killer bee!
You block the killer bee's attack.
The killer bee stings you but does no damage.
The killer bee buzzes angrily.
The killer bee barely misses you. The killer bee misses you.
You block the killer bee's attack.
You see here a killer bee corpse.
You block the killer bee's attack.
Evoke which item? (* to show all) (? for menu, Esc to quit)
Aiming: Paralyse
Press: ? - help, Shift-Dir - straight line, f - killer bee
Aim: a killer bee (chance to defeat MR: 67%)
The killer bee struggles to resist.
The now-empty wand crumbles to dust.
The killer bee stings you.
* * * LOW HITPOINT WARNING * * *
You block the killer bee's attack.
Okay, then.
Really read
y - 2 scrolls labeled JOEDINLOESY {!r}?
As you read the scroll labeled JOEDINLOESY {!r}, it crumbles to dust.
You feel aware of your surroundings.
You sensed 1 shop/portal.
It was a scroll of magic mapping {!r}.
The killer bee stings you.
* * * LOW HITPOINT WARNING * * *
The killer bee barely misses you.
Unknown command.
Really read
u - 2 scrolls labeled AVVIRO JUUTIBU {!r}? [Y]es or [N]o only, please.
Really read
u - 2 scrolls labeled AVVIRO JUUTIBU {!r}?
As you read the scroll labeled AVVIRO JUUTIBU {!r}, it crumbles to dust.
It is a scroll of amnesia.
Really abort (and waste the scroll)?
Okay, then.
The killer bee barely misses you. You block the killer bee's attack.
The killer bee stings you.
* * * LOW HITPOINT WARNING * * *
The killer bee barely misses you.
The killer bee stings you but does no damage. x2
The killer bee stings you!
You die...

#...................,,,,**
##.............#...>,,,,,,
#....##.......###.,.,,,,,
##...##........#*...,,,,*
#######.......#....,,,,,
#.Z.††.......,,,,,
#####..#........,,,,,
#..#yy###.......,,,,,
#...@########...,,,,,
##......#***,,.#,,,,,
#.....##,,,,,,*,,,,,
###..<.#,,,,,,**,**,
#......**,,,**,***
#...#....,,,,,,,**
##[##...#.#,*,,***
###,...#,(,*,,,**
**,..#,,,*,,,*,


You could see 2 killer bees and a water moccasin skeleton.

Vanquished Creatures
  Pikel (D:6)
  Grinder (D:3)
  Sigmund (D:2)
  Eustachio (D:6)
  Menkaure (D:6)
  2 slaves
  An ice beast (D:6)
  3 ogres
  A centaur (D:6)
  5 bullfrogs
  A wyvern zombie (D:6)
  2 killer bees (D:7)
  A scorpion (D:7)
  2 howler monkeys (D:6)
  2 crimson imps
  5 hounds
  2 orc wizards
  An orc priest (D:5)
  2 bullfrog skeletons
  An iguana (D:4)
  Natasha (twice) (D:3)
  2 worker ants
  A hound zombie (D:6)
  2 hound skeletons
  5 adders
  A howler monkey skeleton (D:4)
  An ooze (D:3)
  An adder skeleton (D:6)
  2 worms
  3 dart slugs
  9 leopard geckos
  17 orcs
  5 giant cockroaches
  11 goblins
  5 hobgoblins
  17 jackals
  8 kobolds
  5 quokkas
  A ball python (D:3)
  7 bats
  7 frilled lizards
  11 rats
  A plant (D:1)
160 creatures vanquished.

Vanquished Creatures (others)
  2 slaves (D:7)
2 creatures vanquished.

Grand Total: 162 creatures vanquished

Notes
Turn   | Place    | Note
-------+----------+-------------------------------------------
     0 | D:1      | Amnesiac the Deep Elf Fighter began the quest for the Orb.
     0 | D:1      | Reached XP level 1. HP: 13/13 MP: 3/3
   190 | D:1      | Reached XP level 2. HP: 5/18 MP: 4/4
   339 | D:1      | Reached skill level 3 in Short Blades
   518 | D:1      | Reached XP level 3. HP: 20/22 MP: 5/5
  1106 | D:2      | Reached skill level 4 in Short Blades
  1119 | D:2      | Found a bloodstained altar of Trog.
  1341 | D:2      | Reached XP level 4. HP: 9/27 MP: 6/6
  1738 | D:2      | Noticed Sigmund
  1995 | D:3      | Reached skill level 5 in Short Blades
  2038 | D:3      | Noticed Grinder
  2088 | D:4      | Reached XP level 5. HP: 6/31 MP: 7/7
  2339 | D:4      | Found an opulent altar of Gozag.
  2552 | D:4      | Found a shattered altar of Ashenzari.
  2558 | D:4      | Found a white marble altar of Elyvilon.
  2587 | D:4      | Noticed an ogre
  2813 | D:3      | Reached skill level 6 in Short Blades
  2965 | D:4      | Killed an ogre
  2965 | D:4      | Reached XP level 6. HP: 19/36 MP: 8/8
  3317 | D:4      | Reached skill level 1 in Dodging
  3798 | D:4      | Found a burning altar of Makhleb.
  3808 | D:4      | Reached skill level 7 in Short Blades
  3946 | D:4      | Learned a level 2 spell: Sticks to Snakes
  4094 | D:3      | Noticed Natasha
  4118 | D:3      | Killed Natasha
  4308 | D:3      | Noticed Natasha
  4325 | D:3      | Killed Natasha
  4553 | D:3      | Paralysed by Grinder for 5 turns
  5236 | D:5      | Entered Level 5 of the Dungeon
  5240 | D:5      | Found a snail-covered altar of Cheibriados.
  5377 | D:6      | Reached XP level 7. HP: 32/40 MP: 9/9
  5683 | D:5      | Learned a level 1 spell: Summon Small Mammal
  5918 | D:5      | Found a shimmering altar of Xom.
  5918 | D:5      | Found a shimmering altar of Xom.
  5926 | D:5      | Found a shimmering altar of Xom.
  5927 | D:5      | Found a shimmering altar of Xom.
  6249 | D:6      | Reached skill level 8 in Short Blades
  6350 | D:6      | Reached skill level 1 in Spellcasting
  6350 | D:6      | Reached XP level 8. HP: 23/45 MP: 11/13
  6798 | D:6      | Found a staircase to the Ecumenical Temple.
  6804 | Temple   | Entered the Ecumenical Temple
  6943 | D:6      | Got a scintillating copper ring
  6993 | D:6      | Noticed Eustachio
  7019 | D:6      | Killed Eustachio
  7071 | D:6      | Noticed Menkaure
  7079 | D:6      | Killed Menkaure
  7079 | D:6      | Reached skill level 1 in Bows
  7422 | D:3      | Killed Grinder
  7592 | D:2      | Killed Sigmund
  7592 | D:2      | Reached XP level 9. HP: 52/52 MP: 15/17
  8142 | D:7      | Noticed Pikel
  8196 | D:6      | Killed Pikel
  8196 | D:6      | Reached skill level 5 in Bows
  8196 | D:6      | Reached skill level 5 in Dodging
  8615 | D:7      | Identified the ring of Parhurel {MR+ Str+3 Int+4 Dex-4}
                  | (You found it on level 6 of the Dungeon)
  8877 | D:7      | Slain by a killer bee

Illustrated notes

Levels and vault maps discovered:
D:1:      dpeg_arrival_rooms_a, layout_basic, serial_forest,
          infiniplex_forest_end_2, infiniplex_forest_lined_room_2,
          infiniplex_forest_clump_diagonal, infiniplex_forest_clump_diagonal,
          infiniplex_forest_lined_2, infiniplex_forest_clump_curved,
          infiniplex_forest_3_way, minmay_heptomino_d4
D:2:      layout_basic, overflow_temple_1_default,
          minmay_misc_feat_four_crosses, uniq_sigmund
D:3:      layout_loops_corners, uniq_grinder, uniq_natasha
D:4:      layout_gridville, nicolae_overflow_crystal_walls,
          chequers_temple_overflow_statue_of_worship, first_ration,
          makhleb_heckhound_becter
D:5:      layout_loops_ring, xom_redecorated, cheibriados_altar_1
D:6:      layout_basic, minmay_temple_entry_waves, uniq_eustachio, uniq_menkaure
D:7:      layout_cave_pools, serial_shops, kennysheep_little_box, uniq_pikel
Temple:   nicolae_temple_hex_pool

Skill      XL: |  1  2  3  4  5  6  7  8  9 |
---------------+----------------------------+-----
Short Blades   | 3 4 5 6 7 8 |  8.0
Dodging        | 2 4 5 |  5.7
Evocations     | 4 |  4.0
Spellcasting   | 1 4 |  4.0
Fighting       | 4 |  4.0
Armour         | 4 |  4.0
Bows           | 3 5 |  5.8
Shields        | |  2.4

Action                   |  1- 3 |  4- 6 |  7- 9 || total
-------------------------+-------+-------+-------++-------
Melee: Rapier            |   171 |   292 |   325 ||   788
Throw: Stone             |    68 |   105 |    69 ||   242
Evoke: Wand              |       |       |    18 ||    18
  Use: Scroll            |       |     8 |     5 ||    13
       Potion            |       |     4 |     3 ||     7
 Stab: Paralysed         |       |       |    15 ||    15
  Eat: Chunk             |     2 |    13 |    11 ||    26
Armor: Scale mail        |    78 |    63 |       ||   141
       Leather armour    |       |     6 |    72 ||    78
Dodge: Dodged            |    49 |    56 |   108 ||   213
Block: Kite shield       |   108 |    75 |   103 ||   286

Table legend:
 A = Non-vault XP
 B = Vault XP
 C = Vault XP percentage of total XP
 D = Non-vault monster count
 E = Vault monster count
 F = Vault count percentage of total count
                 A         B        C        D         E       F
            +---------+---------+-------+---------+---------+-------
      Total |    2396 |    1567 |  39.5 |     146 |      11 |   7.0
            +---------+---------+-------+---------+---------+-------
        D:1 |      51 |       7 |  12.1 |      26 |       4 |  13.3
        D:2 |      89 |     212 |  70.4 |      30 |       1 |   3.2
        D:3 |     172 |     308 |  64.2 |      23 |       2 |   8.0
        D:4 |     314 |      43 |  12.0 |      15 |       1 |   6.2
        D:5 |     237 |       0 |   0.0 |      14 |       0 |   0.0
        D:6 |    1135 |     997 |  46.8 |      30 |       3 |   9.1
        D:7 |     301 |       0 |   0.0 |       7 |       0 |   0.0
     Temple |      97 |       0 |   0.0 |       1 |       0 |   0.0
            +---------+---------+-------+---------+---------+-------
